Workbook
Name numero: #REF!
Name numero: #REF!
Name REVISION: [11]Portada!$H$39

Sheet EAP Chicama
A1: CHICAMA | B1: CUENCA CHICAMA
A2: 1 | B2: Estructura típica
A3: 1A-01 | B3: Dique de Retención (de concreto ciclópeo)
A4: 1A-01 -01 01 | B4: Construcción, mejoramiento y/o rehabilitación de acceso hasta dique de relleno | C4: km
A5: 1A-01 -01 02 | B5: Construcción de campamento provisional de obra
A6: 1A-01 -01 02.01 | B6: Terraplén para campamento provisional | C6: m2
A7: 1A-01 -01 02.02 | B7: Campamento | C7: m2
A8: 1A-01 -01 03 | B8: Desbroce y limpieza con equipo de suelo vegetal h=0.3m (área de influencia PIP) | C8: m2
A9: 1A-01 -01 04 | B9: Acopio de material orgánico en DMO distancia media …km | C9: m3
A10: 1A-01 -01 05 | B10: Excavación para fundación y empotramiento de dique de concreto (indicar el tipo de material y Fw)
A11: 1A-01 -01 05.01 | B11: Excavación hasta nivel de plataforma (indicar si incluye carguío o no dependiendo de la condición) | C11: m3
A12: 1A-01 -01 05.02 | B12: Excavación de base de dique | C12: m3
A13: 1A-01 -01 05.03 | B13: Excavación de uñas de empotramiento de dique h=2m | C13: m3
A14: 1A-01 -01 05.04 | B14: Excavación de uña de colchón de enrocado | C14: m3
A15: 1A-01 -01 05.05 | B15: Excavación en roca/material suelto en estribos de dique profundidad >=1m | C15: m3
A16: 1A-01 -01 05.06 | B16: Excavación para contradique | C16: m3
A17: 1A-01 -01 06 | B17: Conformación y compactación de superficie para fundación
A18: 1A-01 -01 06.01 | B18: Conformación y compactación de superficie para uñas y dique | C18: m2
A19: 1A-01 -01 06.02 | B19: Conformación y compactación de superficie para losa de disipación | C19: m2
A20: 1A-01 -01 06.03 | B20: Conformación y compactación de superficie para colchón de enrocado | C20: m2
A21: 1A-01 -01 07 | B21: Eliminación de material excedente | C21: m3
A22: 1A-01 -01 08 | B22: Colocación de concreto de solados y concreto de regularización
A23: 1A-01 -01 08.01 | B23: Colocación de concreto de regularización para uñas de empotramiento de dique | C23: m3
A24: 1A-01 -01 08.02 | B24: Solado para contradique | C24: m2
A25: 1A-01 -01 09 | B25: Encofrado y Desencofrado
A26: 1A-01 -01 09.01 | B26: Encofrado y desencofrado vertical de uñas de dique | C26: m2
A27: 1A-01 -01 09.02 | B27: Encofrado y desencofrado vertical de escalones de vertedero de dique | C27: m2
A28: 1A-01 -01 09.03 | B28: Encofrado y desencofrado de taludes de dique (1:2) | C28: m2
A29: 1A-01 -01 09.04 | B29: Encofrado y desencofrado vertical de corona de dique | C29: m2
A30: 1A-01 -01 09.05 | B30: Encofrado y desencofrado de contradique | C30: m2
A31: 1A-01 -01 09.06 | B31: Encofrado y desencofrado de muros guías del vertedero | C31: m2
A32: 1A-01 -01 10 | B32: Acero de refuerzo para concreto estructural
A33: 1A-01 -01 10.01 | B33: Habilitación de acero y/o suministro de acero habilitado puesto en obra | C33: kg
A34: 1A-01 -01 10.02 | B34: Colocación de acero estructural fy=4200kgf/cm2 para contradique | C34: kg
A35: 1A-01 -01 10.03 | B35: Colocación de acero estructural fy=4200kgf/cm2 para muros guías del vertedero | C35: kg
A36: 1A-01 -01 11 | B36: Concreto ciclópeo f´c=175kgf/cm2 + 30% PG
A37: 1A-01 -01 11.01 | B37: Colocación de C° Ciclópeo en uñas y base hasta Z1 | C37: m3
A38: 1A-01 -01 11.02 | B38: Colocación de C° Ciclópeo en cuerpo de dique hasta Z3 | C38: m3
A39: 1A-01 -01 11.03 | B39: Colocación de C° Ciclópeo de corona de dique hasta Z4 | C39: m3
A40: 1A-01 -01 11.04 | B40: Colocación de C° Ciclópeo de losa de disipación de energía | C40: m3
A41: 1A-01 -01 12 | B41: Concrero estructural f´c=210kgf/cm2
A42: 1A-01 -01 12.01 | B42: Concreto contradique | C42: m3
A43: 1A-01 -01 12.02 | B43: Concreto muros guías del vertedero e=0.50m | C43: m3
A44: 1A-01 -01 13 | B44: Juntas de construcción
A45: 1A-01 -01 13.01 | B45: WS para Juntas verticales entre tramos de L<=9m de dique | C45: m
A46: 1A-01 -01 13.02 | B46: Sello elástomérico para juntas verticales entre tramos de L<=9m de dique | C46: m
A47: 1A-01 -01 13.03 | B47: Sello elástomérico para junta entre dique y losa de disipación de energía | C47: m
A48: 1A-01 -01 13.04 | B48: WS para junta entre muros y contradique + juntas entre paños de contradique | C48: m
A49: 1A-01 -01 13.05 | B49: Sello elastomérico para junta entre muros y contradique + juntas entre paños de contradique | C49: m
A50: 1A-01 -01 13.06 | B50: WS para juntas horizontales e inclinadas entre dique y muros | C50: m
A51: 1A-01 -01 13.07 | B51: Sello elastomérico para juntas horizontales e inclinadas entre dique y muros | C51: m
A52: 1A-01 -01 13.08 | B52: WS para juntas verticales de muros | C52: m
A53: 1A-01 -01 13.09 | B53: Sello elastomérico para juntas verticales de muros | C53: m
A54: 1A-01 -01 14 | B54: Relleno estructural
A55: 1A-01 -01 14.01 | B55: Relleno estructural contra uñas de empotramiento de dique | C55: m3
A56: 1A-01 -01 14.02 | B56: Relleno estructural contradique | C56: m3
A57: 1A-01 -01 15 | B57: Tubo de PVC D=100mm @1m en contradique | C57: m
A58: 1A-01 -01 16 | B58: Enrocado de protección
A59: 1A-01 -01 16.01 | B59: Procesamiento de material en cantera de roca | C59: m3
A60: 1A-01 -01 16.011 | B60: Transporte de roca para enrocado de protección distancia media …km | C60: m3
A61: 1A-01 -01 16.02 | B61: Colocación de roca en uña de colchón de enrocado | C61: m3
A62: 1A-01 -01 16.03 | B62: Colocación de roca en colchón de enrocado | C62: m3
A65: 7 | B65: Estructura típica de Tramo de Río Chicama: Descolmatación, Encauzamiento y Protección
B66: Descolmatación | C66: m3
B67: Descolmatación y acopio para carguío con tractor D8 y excavadora sobre orugas | C67: m3
B68: Carguío y transporte de material para eliminación Dist. = … km | C68: m3
B69: Conformación de material en DME o terraza
B71: Conformación de diques (ambas márgenes)
B72: Contrucción de nuevos muros Margen derecho (CUI 3 Anexo 2 HID-21-01, según PIP 1.51km)
B73: Construcción de nuevos muros Margen izquierdo (CUI 3 Anexo 2 HID-21-01, según PIP 0km)
B74: Conformación y compactación de superficie para fundación | C74: m2
B75: Conformación de dique con material propio | C75: m3
B76: Perfilado de taludes de dique | C76: m2
B77: Excavación de uña antisocavante | C77: m3
B78: Colocación de geotextil 400g/m2 en uña antisocavante y cara de dique | C78: m2
B79: Colocación de enrocado de protección en uña antisocavante (D=1.5m) | C79: m3
B80: Colocación de filtro (material de cantera) | C80: m3
B81: Transporte de filtro desde cantera xxx (Dist. …km) | C81: m3
B82: Colocación de enrocado de protección de dique (D=1m, e de 1m a 0.50m) | C82: m3
B83: Producción en cantera para Enrocado de protección de diques con voladura | C83: m3
B84: Transporte de enrocado desde cantera yyy (Dist. …km) | C84: m3
B86: Mejoramiento de diques
B87: Muros existente a modificar Margen derecho (CUI 3 Anexo 2 HID-21-01, según PIP 6.9km)
B88: Muros existente a modificar Margen izquierdo (CUI 3 Anexo 2 HID-21-01, según PIP 7.78km)
B89: Conformación de material de recrecimiento de dique existente | C89: m3
B90: Perfilado de taludes de dique | C90: m2
B91: Colocación de geotextil 400g/m2 en cara de dique | C91: m2
B92: Colocación de filtro (material de cantera) | C92: m3
B93: Enrocado para recrecimiento de dique existente | C93: m3

Sheet EAP Virú
A2: Paquete | B2: Descripición del paquete | C2: Und.
A3: VIRÚ | B3: CUENCA VIRÚ
A4: 1A | B4: Estructura típica de Quebradas Virú: Protección y Encauzamiento (DIQUES LONGITUDINALES)
B5: Construcción de defensas ribereñas en río/quebrada y encauzamiento
B6: Diques de encauzamiento y protección del río Carabamba Prog. 0+220 a. abajo @ 2+920 a. arriba
B7: Construcción, mejoramiento y/o rehabilitación de acceso hasta diques de relleno
B8: Construcción de campamento provisional de obra
B9: Terraplén para campamento provisional
B10: Campamento
B11: Desbroce y limpieza 110m de ancho | C11: m2
B12: Acopio de material orgánico en DMO
B13: Encauzamiento de aguas superficiales
B14: Descolmatación, limpieza y conformación del cauce | C14: m3
B15: Conformación y compactación de superficie para fundación | C15: m2
B16: Conformación de dique con material propio y material de préstamo | C16: m3
B17: Adecuación de depósito de material excedente (temporal) | C17: m3
B18: Eliminación de material excedente | C18: m3
B19: Perfilado de talud de cara húmeda de dique | C19: m2
B20: Excavación de uña antisocavante | C20: m3
B21: Conformación y perfilado de uña antisocavante
B22: Excavación de zanja para anclaje de geotextil
B23: Colocación de geotextil 400g/m2 en uña antisocavante y cara de dique | C23: m2
B24: Colocación de enrocado de protección en uña antisocavante (D=1.5m) | C24: m3
B25: Extracción y procesamiento de material para filtro | C25: m3
B26: Transporte de filtro desde cantera xxx (Dist. …km) | C26: m3
B27: Colocación de filtro (material de cantera) | C27: m3
B28: Producción en cantera para Enrocado de protección de diques con voladura | C28: m3
B29: Selección de material enrocado y acopio temporal
B30: Transporte de enrocado desde cantera yyy (Dist. …km) | C30: m3
B31: Colocación de enrocado de protección de dique (D=1m, e de 1m a 0.50m) | C31: m3
B32: Perfilado de talud de cara seca de dique | C32: m2
B33: Limpieza y entrega de obra
A35: 2 | B35: Estructura típica: Diques de Retención con GAVIONES
B36: Diques de encauzamiento y protección del río Carabamba Ciudad Prog. 0+000 @ 1+080
B37: Construcción, mejoramiento y/o rehabilitación de acceso hasta diques de relleno
B38: Construcción de campamento provisional de obra
B39: Terraplén para campamento provisional
B40: Campamento
B41: Desbroce y limpieza 30m de ancho | C41: m2
B42: Acopio de material orgánico en DMO
B43: Encauzamiento de aguas superficiales
B44: Excavación para fundación de gaviones (Fundación en roca: Adaptar de acuerdo al terreno) | C44: m3
B45: Anclaje de cajas de gaviones contra roca de fundación | C45: m2
B46: Conformación y compactación de superficie para fundación | C46: m2
B47: Colocación de geotextil 300g/m2 para base de gaviones y en la cara vertical | C47: m2
B48: Colocación de cajones de gaviones de malla inox. y piedra D<0.30m hasta nivel de corona de dique | C48: m3
B49: Selección de roca 30cm para gaviones de material de cantera | C49: m2
B50: Conformación de cauce con tractor sobre orugas y remoción de material excedente | C50: m3
B51: Proceso de material granular en cantera
B52: Construcción, mejoramiento y/o rehabilitación de acceso hasta diques de relleno
B53: Transporte de material granular desde cantera
B54: Relleno de diques con rodillo 2T y equipo manual con material de préstamo | C54: m3
B55: Perfilado de diques | C55: m3
B56: Eliminación de material excedente | C56: m3
A58: 4 | B58: PY 01 - PQT 04 -QDA EL NIÑO: Diques de Retención y Encauzamiento
B59: Construcción de badén de concreto armado Prog. 0+760
B60: Desbroce y limpieza | C60: m2
B61: Excavación hasta nivel de fundación | C61: m3
B62: Conformación y compactación de superficie para fundación | C62: m2
B63: Solado de concreto f´c=10MPa | C63: m2
B64: Habilitación y colocación de acero de refuerzo fy= 4200kgf/cm2 | C64: kg
B65: Encofrado de badén | C65: m2
B66: Juntas entre paños de 5m | C66: m
B67: Colocación de concreto estructural f´c=210kgf/cm2 | C67: m3
B70: Construcción de la Bocatoma Ramos
B71: Construcción, mejoramiento y/o rehabilitación de acceso hasta diques de relleno | C71: km
B72: Construcción de campamento provisional de obra | C72: m2
B73: Terraplén para campamento provisional | C73: m2
B74: Campamento | C74: m2
B75: Conformación y compactación de superficie para fundación | C75: m2
B76: Enrocado acomodado en zonas adyacentes | C76: m3
B77: Poza disipadora
B78: Canal despedrador
B79: Barrajes
B80: Muros de contención de C°A°
B81: Estructuras metálicas
B82: Barandas
B83: Compuertas radial y plana
B84: Escaleras
B86: Diques de encauzamiento y protección del río Virú Prog. 0+000 @13+100 a. abajo (margen derecha)
B87: Conformación de dique con material propio y material de préstamo | C87: m3
B88: Perfilado de taludes de dique | C88: m2
B89: Excavación de uña antisocavante | C89: m3
B90: Conformación y compactación de superficie para fundación | C90: m2
B91: Colocación de geotextil 400g/m2 en uña antisocavante y cara de dique | C91: m2
B92: Colocación de enrocado de protección en uña antisocavante (D=1.5m) | C92: m3
B93: Colocación de filtro (material de cantera) | C93: m3
B94: Transporte de filtro desde cantera xxx (Dist. …km) | C94: m3
B95: Colocación de enrocado de protección de dique (D=1m, e de 1m a 0.60m) | C95: m3
B96: Producción en cantera para Enrocado de protección de diques con voladura | C96: m3
B97: Transporte de enrocado desde cantera yyy (Dist. …km) | C97: m3
B99: Encauzamiento del río Virú Prog. 13+100 @ 22+808.56 a. arriba (todo el ancho)
B100: =CONCATENATE("Desbroce y limpieza lado izquierdo (ancho de cauce promedio = ",ROUNDUP(#REF!,0),"m)") -> #REF! | C100: m2
B101: Retiro de top soil | C101: m3
B102: Transporte y acopio de material orgánico | C102: m3
B103: Reconformación del cauce con material propio (corte/relleno con tractor sobre orugas) | C103: m2

Sheet Resumen
C2: FORMATO C1- PROPUESTA ECONÓMICA | F2: CO-PE-1PE326-CM-HA-004
F3: Revisión 0
C4: “ENTREGA DE LAS DEFENSAS RIBEREÑAS DE LOS RÍOS CHICAMA Y VIRÚ (PAQUETE 9R-06)" | F4: Fecha: 09/03/2022
F5: Página 1 de 3
B9: Referencia: TDR-Anexo 13
B11: Proyecto: | C11: PLAN INTEGRAL PARA EL CONTROL DE INUNDACIONES Y MOVIMIENTO DE MASA DE LAS CUENCAS DE LOS RIOS VIRÚ Y CHICAMA - DEPARTAMENTO DE LA LIBERTAD (PAQUETE 9 R-06)
B14: Paquete: | C14: 1C "CONTRATACIÓN DE OPERADOR DE CANTERAS DE ROCA - RIO CHICAMA"
B16: Río: | C16: CHICAMA
B18: Cliente: | C18: OHLA
B20: Postor: | C20: OHLA
B22: Lugar: | C22: Chicama
B25: Plazo: | D25: 592 | E25: días calendario
B28: Fecha de oferta:
B31: Fecha de inicio para la ejecución: | D31: 44986
B35: A. | C35: TOTAL COSTO DIRECTO | F35: =+'Costo Directo'!G94 -> 0
B36: B. | C36: GASTOS GENERALES | F36: =+'Gastos Generales'!I220 -> 0
B37: C. | C37: UTILIDAD | F37: =+F35*0.1 -> 0
B38: D. | C38: TOTAL COSTO DETERMINADO (A+B+C) | F38: =F35+F36+F37 -> 0
B40: E. | C40: IGV (18% D) | E40: 0.18 | F40: =(F38+F39)*E40 -> 0
B42: F. | C42: TOTAL PRESUPUESTO INICIAL INCLUYE IGV (D+E) | F42: =F38+F39+F40 -> 0

Sheet Costo Directo
C2: FORMATO C1: PROPUESTA ECONÓMICA | F2: CO-PE-1PE326-CM-HA-004
F3: Revisión 0
C4: “ENTREGA DE LAS DEFENSAS RIBEREÑAS DE LOS RÍOS CHICAMA Y VIRÚ (PAQUETE 9R-06)" | F4: Fecha: 09/03/2022
F5: Página 2 de 3
B7: Proyecto: | C7: =+Resumen!C11 -> PLAN INTEGRAL PARA EL CONTROL DE INUNDACIONES Y MOVIMIENTO DE MASA DE LAS CUENCAS DE LOS RIOS VIRÚ Y CHICAMA - DEPARTAMENTO DE LA LIBERTAD (PAQUETE 9 R-06)
B8: Río: | C8: =+Resumen!C16 -> CHICAMA
B9: N° del Paquete: | C9: 1C
B10: Nombre del Paquete: | C10: =+Resumen!C14 -> 1C "CONTRATACIÓN DE OPERADOR DE CANTERAS DE ROCA - RIO CHICAMA"
B12: Referencia: | C12: TDR Anexo 13
B13: PLANILLA DE COSTO DIRECTO
B15: Item | C15: Descripción | D15: Unidad | E15: Total | F15: P.U. (S/) | G15: Total (S/)
B16: 1 | C16: OBRAS PROVISIONALES | G16: =SUM(G17:G20) -> 0
B17: 1.01 | C17: Tramite, gestión y obtención de permisos para uso y adquisición de explosivos | D17: Glb | E17: 1 | G17: =ROUND(E17*F17,2) -> 0
B18: 1.02 | C18: Tramite, gestión y obtención de permisos para manipulación de explosivos | D18: Glb | E18: 1 | G18: =ROUND(E18*F18,2) -> 0
B19: 1.03 | C19: Tramite, gestión y obtención de permisos para almacenamiento y uso de polvorín | D19: Glb | E19: 1 | G19: =ROUND(E19*F19,2) -> 0
B20: 1.04 | C20: Tramite, gestión y obtención de permisos para explotación de canteras | D20: Glb | E20: 1 | G20: =ROUND(E20*F20,2) -> 0
B21: 2 | C21: OBRAS PRELIMINARES | G21: =SUM(G23:G64) -> 0
B22: 2.01 | C22: Trazo y replanteo
B23: 2.0101 | C23: Trazo y replanteo topográfico al inicio de obra | D23: mes | E23: 0.5 | G23: =ROUND(E23*F23,2) -> 0
B24: 2.0102 | C24: Trazo y replanteo topográfico durante la ejecución de la obra | D24: mes | E24: 18.5 | G24: =ROUND(E24*F24,2) -> 0
B25: 2.0103 | C25: Levantamiento Topografico final de obra | D25: mes | E25: 0.5 | G25: =ROUND(E25*F25,2) -> 0
B26: 2.02 | C26: Construcción de acceso nuevo
B27: 2.0201 | C27: Desbroce y remoción de suelo vegetal con equipo | D27: m3 | E27: 0 | G27: =ROUND(E27*F27,2) -> 0
B28: 2.0202 | C28: Transporte de material excedente a DMO, d≤1km | D28: m3xkm | E28: 0 | G28: =ROUND(E28*F28,2) -> 0
B29: 2.0203 | C29: Transporte de material excedente a DMO, d>1km | D29: m3xkm | E29: 0 | G29: =ROUND(E29*F29,2) -> 0
B30: 2.0204 | C30: Excavación en material común | D30: m3 | E30: 133392 | G30: =ROUND(E30*F30,2) -> 0
B31: 2.0205 | C31: Excavación en roca fracturada | D31: m3 | E31: 5310.7 | G31: =ROUND(E31*F31,2) -> 0
B32: 2.0206 | C32: Excavación en roca fija con martillo hidráulico | D32: m3 | E32: 11450.5 | G32: =ROUND(E32*F32,2) -> 0
B33: 2.0207 | C33: Relleno compactado con equipo pesado para accesos | D33: m3 | E33: 12818 | G33: =ROUND(E33*F33,2) -> 0
B34: 2.0208 | C34: Proceso y selección de material propio | D34: m3 | E34: 12818 | G34: =ROUND(E34*F34,2) -> 0
B35: 2.0209 | C35: Transporte de material propio para relleno, d≤1km | D35: m3xkm | E35: 12818 | G35: =ROUND(E35*F35,2) -> 0
B36: 2.021 | C36: Transporte de material propio para relleno, d>1km | D36: m3xkm | E36: 12818 | G36: =ROUND(E36*F36,2) -> 0
B37: 2.0211 | C37: Producción de material de préstamo | D37: m3 | E37: 0 | G37: =ROUND(E37*F37,2) -> 0
B38: 2.0212 | C38: Transporte de material de préstamo, d≤1km | D38: m3xkm | E38: 0 | G38: =ROUND(E38*F38,2) -> 0
... B45: 2.06 | C45: Desmovilización de equipos de obra | D45: Glb | E45: 1 | G45: =ROUND(E45*F45,2) -> 0
B46: 2.07 | C46: Construcción de campamentos, zonas de acopio e instalación de polvorín
B47: 2.0701 | C47: Conformación de terraplén para campamentos | D47: m2 | E47: 58225.5 | G47: =ROUND(E47*F47,2) -> 0
B48: 2.0702 | C48: Construcción de campamentos | D48: Glb | E48: 1 | G48: =ROUND(E48*F48,2) -> 0
B49: 2.0703 | C49: Mantenimiento de campamentos | D49: mes | E49: 19.5 | G49: =ROUND(E49*F49,2) -> 0
B50: 2.0704 | C50: Desbroce y remoción de suelo vegetal con equipo | D50: m2 | E50: 0 | G50: =ROUND(E50*F50,2) -> 0
B51: 2.0705 | C51: Transporte de material excedente a DMO, d≤1km | D51: m3xkm | E51: 0 | G51: =ROUND(E51*F51,2) -> 0
B52: 2.0706 | C52: Transporte de material excedente a DMO, d>1km | D52: m3xkm | E52: 0 | G52: =ROUND(E52*F52,2) -> 0
B53: 2.0707 | C53: Construcción e implementación de polvorin | D53: Glb | E53: 1 | G53: =ROUND(E53*F53,2) -> 0
B54: 2.0708 | C54: Transporte de material excedente a DME, d≤1km | D54: m3xkm | E54: 76192.6 | G54: =ROUND(E54*F54,2) -> 0
B55: 2.0709 | C55: Transporte de material excedente a DME, d>1km | D55: m3xkm | E55: 76192.6 | G55: =ROUND(E55*F55,2) -> 0
B56: 2.08 | C56: Conformación de plataforma para zonas de acopio
B57: 2.0801 | C57: Desbroce y remoción de suelo vegetal con equipo | D57: m2 | E57: 0 | G57: =ROUND(E57*F57,2) -> 0
B58: 2.0802 | C58: Excavación en material común | D58: m3 | E58: 56215.6 | G58: =ROUND(E58*F58,2) -> 0
B59: 2.0803 | C59: Relleno compactado con equipo pesado para plataforma de acopio | D59: m3 | E59: 134917.4 | G59: =ROUND(E59*F59,2) -> 0
B60: 2.0804 | C60: Suministro, construcción e instalación de cerco perímetrico | D60: m | E60: 9912.5 | G60: =ROUND(E60*F60,2) -> 0
B61: 2.0805 | C61: Suministro, construcción e instalación de garita de control de ingreso y salida | D61: Glb | E61: 1 | G61: =ROUND(E61*F61,2) -> 0
B62: 2.09 | C62: Implementación de controles ambientales durante la construcción | D62: mes | E62: 19.5 | G62: =ROUND(E62*F62,2) -> 0
B63: 2.1 | C63: Conformación de material excedente en DME y DMO | D63: m3 | E63: 2071672.3 | G63: =ROUND(E63*F63,2) -> 0
B64: 2.11 | C64: Restauración y revegetación de áreas intervenidas | D64: m2 | E64: 0 | G64: =ROUND(E64*F64,2) -> 0
B65: 3 | C65: EXPLOTACIÓN DE CANTERAS | G65: =SUM(G66:G87) -> 0
B66: 3.01 | C66: Habilitación de cantera
B67: 3.0101 | C67: Desbroce y remoción de suelo vegetal con equipo | D67: m2 | E67: 0 | G67: =ROUND(E67*F67,2) -> 0
B68: 3.0102 | C68: Transporte de material excedente a DMO, d≤1km | D68: m3xkm | E68: 0 | G68: =ROUND(E68*F68,2) -> 0
B69: 3.0103 | C69: Transporte de material excedente a DMO, d>1km | D69: m3xkm | E69: 0 | G69: =ROUND(E69*F69,2) -> 0
B70: 3.0104 | C70: Excavación en material suelto | D70: m3 | E70: 99254.1 | G70: =ROUND(E70*F70,2) -> 0
B71: 3.0105 | C71: Excavación en roca fracturada | D71: m3 | E71: 96895.4 | G71: =ROUND(E71*F71,2) -> 0
B72: 3.0106 | C72: Perforación manual y voladura (habilitación de área de perforación para Rockdrill) | D72: m3 | E72: 190362.9 | G72: =ROUND(E72*F72,2) -> 0
B73: 3.0107 | C73: Transporte de material excedente a DME, d≤1km | D73: m3xkm | E73: 386512.4 | G73: =ROUND(E73*F73,2) -> 0
B74: 3.0108 | C74: Transporte de material excedente a DME, d>1km | D74: m3xkm | E74: 0 | G74: =ROUND(E74*F74,2) -> 0
B75: 3.02 | C75: Producción material en cantera de cerro (macizo rocoso)
B76: 3.0201 | C76: Perforación, voladura, remoción, transporte y selección para Roca de 0.80 - 1.50 m | D76: ton | E76: 3072456.4 | G76: =ROUND(E76*F76,2) -> 0
B77: 3.0202 | C77: Fracturación y selección de roca para gaviones de 0.15 - 0.20 m | D77: ton | E77: 540323.5 | G77: =ROUND(E77*F77,2) -> 0
B78: 3.0203 | C78: Carguio de material remanente en acopio para eliminación | D78: m3 | E78: 1408015.3 | G78: =ROUND(E78*F78,2) -> 0
B79: 3.0204 | C79: Transporte de material excedente a DME, d≤1km | D79: m3xkm | E79: 1408015.3 | G79: =ROUND(E79*F79,2) -> 0
B80: 3.0205 | C80: Transporte de material excedente a DME, d>1km | D80: m3xkm | E80: 0 | G80: =ROUND(E80*F80,2) -> 0
B81: 3.03 | C81: Producción material en cantera de cauce (boloneria suelta)
B82: 3.0301 | C82: Fracturación y selección de roca con martillo hidráulico | D82: ton | E82: 302043.1 | G82: =ROUND(E82*F82,2) -> 0
B83: 3.0302 | C83: Carguio de material remanente en acopio para eliminación | D83: m3 | E83: 63616.8 | G83: =ROUND(E83*F83,2) -> 0
B84: 3.0303 | C84: Transporte de material excedente a DME, d≤1km | D84: m3xkm | E84: 63616.8 | G84: =ROUND(E84*F84,2) -> 0
B85: 3.0304 | C85: Transporte de material excedente a DME, d>1km | D85: m3xkm | E85: 0 | G85: =ROUND(E85*F85,2) -> 0
B86: 3.04 | C86: Carguio de material acopiado
B87: 3.0401 | C87: Carguio de material acopiado | D87: ton | E87: 3914823 | G87: =ROUND(E87*F87,2) -> 0
B88: 4 | C88: IMPLEMENTACION PARA CONTROL Y PESAJE DE ROCA | G88: =SUM(G90:G91) -> 0
B89: 4.01 | C89: Instalación de Sistema de Pesaje
B90: 4.0101 | C90: Suministro, construcción, montaje e instalación de balanza, caseta y tablero de control de Pesaje | D90: Glb | E90: 1 | G90: =ROUND(E90*F90,2) -> 0
B91: 4.0102 | C91: Operación y control de Sistema de pesaje (Inc energia electrica e iluminacion de plataforma de acopio y Balanza) | D91: mes | E91: 19.5 | G91: =ROUND(E91*F91,2) -> 0
B92: 5 | C92: PRUEBAS DE CONTROL DE CALIDAD | G92: =+G93 -> 0
B93: 5.01 | C93: Ensayos de Roca | D93: Glb | E93: 1 | G93: =ROUND(E93*F93,2) -> 0
C94: TOTAL COSTO DIRECTO | G94: =+G16+G21+G65+G88+G92 -> 0

Sheet Gastos Generales
C1: FORMATO C1- PROPUESTA ECONÓMICA | H1: CO-PE-1PE326-CM-HA-004
H2: Revisión 0
C3: “ENTREGA DE LAS DEFENSAS RIBEREÑAS DE LOS RÍOS CHICAMA Y VIRÚ (PAQUETE 9R-06)" | H3: Fecha: 09/03/2022
H4: Página 3 de 3
A6: Proyecto: | C6: =+Resumen!C11 -> PLAN INTEGRAL PARA EL CONTROL DE INUNDACIONES Y MOVIMIENTO DE MASA DE LAS CUENCAS DE LOS RIOS VIRÚ Y CHICAMA - DEPARTAMENTO DE LA LIBERTAD (PAQUETE 9 R-06)
A7: Río: | C7: =+Resumen!C16 -> CHICAMA
A8: N° del Paquete: | C8: 1 C
A9: Nombre del Paquete: | C9: =+Resumen!C14 -> 1C "CONTRATACIÓN DE OPERADOR DE CANTERAS DE ROCA - RIO CHICAMA"
A11: Referencia: | B11: TDR Anexo 13
C12: PLANILLA DE GASTOS GENERALES - GESTIÓN
C14: GASTOS VARIABLES | H14: COSTO DIRECTO | I14: =+'Costo Directo'!G94 -> 0
A16: G1 | C16: GASTOS DE DIRECCION Y ADMINISTRACION DEL PROYECTO
A17: Item | B17: Descripción | D17: Unidad | E17: Personas /cantidad | F17: % incidencia | G17: Tiempo (mes) | H17: Costo mensual (S/) | I17: Costo parcial (S/)
B18: Residente de Obra | D18: mes | I18: =ROUND(F18*G18*H18,2) -> 0
B19: Administrador de Obra | D19: mes | I19: =ROUND(F19*G19*H19,2) -> 0
B20: Comprador | D20: mes | I20: =ROUND(F20*G20*H20,2) -> 0
B21: Jefe de Recursos Humanos | D21: mes | I21: =ROUND(F21*G21*H21,2) -> 0
B22: Asistente de RRHH | D22: mes | I22: =ROUND(F22*G22*H22,2) -> 0
B23: Responsable de Servicios Generales | D23: mes | I23: =ROUND(F23*G23*H23,2) -> 0
B24: Asistente administrativo | D24: mes | I24: =ROUND(F24*G24*H24,2) -> 0
B25: Personal de Mantenimiento y Limpieza | D25: mes | I25: =ROUND(F25*G25*H25,2) -> 0
B26: Encargado/Resp de Almacén | D26: mes | I26: =ROUND(F26*G26*H26,2) -> 0
B27: Auxiliar de Almacén | D27: mes | I27: =ROUND(F27*G27*H27,2) -> 0
B28: Asistente en asuntos sociales | D28: mes | I28: =ROUND(F28*G28*H28,2) -> 0
B29: Tareadores | D29: mes | I29: =ROUND(E29*F29*G29*H29,2) -> 0
B30: Choferes de camioneta | D30: pers*mes | I30: =ROUND(E30*F30*G30*H30,2) -> 0
B31: Chofer de Van, Bus | D31: mes | I31: =ROUND(E31*F31*G31*H31,2) -> 0
B32: Vigilancia - Polvorin (Resguardo policial 24h + supervisor) | D32: mes | I32: =ROUND(E32*F32*G32*H32,2) -> 0
B33: Alimentación y alojamiento Staff | D33: pers *mes | I33: =ROUND(E33*F33*G33*H33,2) -> 0
B34: Alimentación - asistentes - personal local (desayuno y almuerzo) | D34: pers *mes | I34: =ROUND(E34*F34*G34*H34,2) -> 0
B35: Alimentación choferes y personal local (desayuno y almuerzo) | D35: pers *mes | I35: =ROUND(E35*F35*G35*H35,2) -> 0
B36: Viajes avión staff | D36: Unidad | I36: =ROUND(E36*F36*G36*H36,2) -> 0
B37: Viajes terrestres - asistentes | D37: Unidad | I37: =ROUND(E37*F37*G37*H37,2) -> 0
B38: Camionetas | D38: mes | I38: =ROUND(E38*F38*G38*H38,2) -> 0
B39: Minivan para 15 personas | D39: mes | I39: =ROUND(E39*F39*G39*H39,2) -> 0
B40: Bus para 50 personas- MOI | D40: mes | I40: =ROUND(E40*F40*G40*H40,2) -> 0
... B51: Licencias software | D51: mes | I51: =ROUND(E51*F51*G51*H51,2) -> 0
H52: SUB TOTAL S/ | I52: =SUM(I18:I51) -> 0
C54: GASTOS DE OPERACIÓN - OFICINA TECNICA
A55: Item | B55: Descripción | D55: Unidad | E55: Personas | F55: % incidencia | G55: Tiempo (mes) | H55: Costo mensual (S/) | I55: Costo parcial (S/)
B56: Jefe de Oficina Técnica | D56: mes | I56: =ROUND(F56*G56*H56,2) -> 0
B57: Ingeniero de Of. Técnica | D57: mes | I57: =ROUND(F57*G57*H57,2) -> 0
B58: Responsable de EDP | D58: mes | I58: =ROUND(F58*G58*H58,2) -> 0
B59: Jefe de Topografía | D59: mes | I59: =ROUND(F59*G59*H59,2) -> 0
B60: Dibujante Cadista | D60: pers*mes | I60: =ROUND(F60*G60*H60,2) -> 0
B61: Ingeniero de Planeamiento y costos | D61: mes | I61: =ROUND(F61*G61*H61,2) -> 0
B62: Asistente de planeamiento y costos | D62: mes | I62: =ROUND(F62*G62*H62,2) -> 0
B63: Jefe de Ingeniería | D63: mes | I63: =ROUND(F63*G63*H63,2) -> 0
B64: Dibujante proyectista | D64: pers*mes | I64: =ROUND(F64*G64*H64,2) -> 0
B65: Choferes de Camioneta | D65: pers*mes | I65: =ROUND(E65*F65*G65*H65,2) -> 0
B66: Alimentación y alojamiento Staff | D66: pers *mes | I66: =ROUND(E66*F66*G66*H66,2) -> 0
B67: Alimentación y alojamiento asistentes | D67: pers *mes | I67: =ROUND(E67*F67*G67*H67,2) -> 0
B68: Alimentación choferes y personal local (desayuno y almuerzo) | D68: pers *mes | I68: =ROUND(E68*F68*G68*H68,2) -> 0
B69: Viajes avión staff | D69: Unidad | I69: =ROUND(E69*F69*G69*H69,2) -> 0
B70: Viajes asistentes | D70: Unidad | I70: =ROUND(E70*F70*G70*H70,2) -> 0
B71: Camionetas (Topografía) | D71: mes | I71: =ROUND(E71*F71*G71*H71,2) -> 0
B72: Combustible camionetas | D72: galon*mes | I72: =ROUND(E72*F72*G72*H72,2) -> 0
B73: Compra de agua | D73: mes | I73: =ROUND(E73*F73*G73*H73,2) -> 0
B74: Equipo de computo | D74: mes | I74: =ROUND(E74*F74*G74*H74,2) -> 0
B75: Telefonía móvil | D75: und*mes | I75: =ROUND(E75*F75*G75*H75,2) -> 0
H76: SUB TOTAL S/ | I76: =SUM(I56:I75) -> 0
C78: GASTOS DE OPERACIÓN - CONSTRUCCIÓN
A79: Item | B79: Descripción | D79: Unidad | E79: Personas | F79: % incidencia | G79: Tiempo (mes) | H79: Costo mensual (S/) | I79: Costo parcial (S/)
B80: Jefe de producción | D80: mes | I80: =ROUND(F80*G80*H80,2) -> 0
B81: Jefe de producción - turno noche | D81: mes | I81: =ROUND(F81*G81*H81,2) -> 0
B82: Supervisor de Obras - Accesos, campamentos, plataformas de acopio, polvorin | D82: mes | I82: =ROUND(F82*G82*H82,2) -> 0
B83: Supervisor de Obras - Cantera Nuevo Perú | D83: mes | I83: =ROUND(F83*G83*H83,2) -> 0
B84: Supervisor de Obras - Cantera San Bartolo 01 | D84: mes | I84: =ROUND(F84*G84*H84,2) -> 0
B85: Supervisor de Obras - Cantera Santanero 01 | D85: mes | I85: =ROUND(F85*G85*H85,2) -> 0
B86: Supervisor de Obras - Cantera Calvayunque | D86: mes | I86: =ROUND(F86*G86*H86,2) -> 0
B87: Supervisor de Obras - Cantera Oso 02 | D87: mes | I87: =ROUND(F87*G87*H87,2) -> 0
B88: Supervisor de Obras - Cantera Ascope Z1 | D88: mes | I88: =ROUND(F88*G88*H88,2) -> 0
B89: Supervisor de Obras - Cantera de cauce de rio | D89: mes | I89: =ROUND(F89*G89*H89,2) -> 0
B90: Relevo de Supervisores de Produccion | D90: mes | I90: =ROUND(F90*G90*H90,2) -> 0
B91: Choferes de Camioneta | D91: pers*mes | I91: =ROUND(F91*G91*H91,2) -> 0
B92: Alimentación y alojamiento Staff | D92: pers *mes | I92: =ROUND(E92*F92*G92*H92,2) -> 0
B93: Alimentación y alojamiento asistentes | D93: pers *mes | I93: =ROUND(E93*F93*G93*H93,2) -> 0
B94: Alimentación choferes y personal local (desayuno y almuerzo) | D94: pers *mes | I94: =ROUND(E94*F94*G94*H94,2) -> 0
B95: Alimentación y alojamiento de Mano de Obra Directa ( Calificada - foranea) | D95: pers *mes | I95: =ROUND(E95*F95*G95*H95,2) -> 0
B96: Alimentación de Mano de Obra Directa (Calificada -local) | D96: pers *mes | I96: =ROUND(E96*F96*G96*H96,2) -> 0
B97: Alimentación de Mano de Obra Directa (No Calificada -local) | D97: pers *mes | I97: =ROUND(E97*F97*G97*H97,2) -> 0
B98: Viajes avión staff | D98: Unidad | I98: =ROUND(E98*F98*G98*H98,2) -> 0
B99: Viajes asistentes | D99: Unidad | I99: =ROUND(E99*F99*G99*H99,2) -> 0
B100: Pasajes del personal de MOD (califcada - foranea) | D100: Unidad | I100: =ROUND(E100*F100*G100*H100,2) -> 0
B101: Pasajes del personal de MOD (califcada - foranea - alrededores) | D101: Unidad | I101: =ROUND(E101*F101*G101*H101,2) -> 0
B102: Camionetas | D102: mes | I102: =ROUND(E102*F102*G102*H102,2) -> 0
B103: Combustible camionetas | D103: galon*mes | I103: =ROUND(E103*F103*G103*H103,2) -> 0
... B107: Telefonía móvil | D107: und*mes | I107: =ROUND(E107*F107*G107*H107,2) -> 0
H108: SUB TOTAL S/ | I108: =SUM(I80:I107) -> 0
C110: GASTOS DE OPERACIÓN - SEGURIDAD, SALUD OCUPACIONAL Y MEDIO AMBIENTE
A111: Item | B111: Descripción | D111: Unidad | E111: Personas | F111: % incidencia | G111: Tiempo (mes) | H111: Costo mensual (S/) | I111: Costo parcial (S/)
B112: Responsable de SSOMA (Especialista de Seguridad) | D112: mes | I112: =ROUND(F112*G112*H112,2) -> 0
B113: Supervisor SSO - Accesos, campamentos, plataformas de acopio, polvorin | D113: mes | I113: =ROUND(F113*G113*H113,2) -> 0
B114: Supervisor SSO - Cantera Nuevo Perú | D114: mes | I114: =ROUND(F114*G114*H114,2) -> 0
B115: Supervisor SSO - Cantera San Bartolo 01 | D115: mes | I115: =ROUND(F115*G115*H115,2) -> 0
B116: Supervisor SSO - Cantera Santanero 01 | D116: mes | I116: =ROUND(F116*G116*H116,2) -> 0
B117: Supervisor SSO - Cantera Calvayunque | D117: mes | I117: =ROUND(F117*G117*H117,2) -> 0
B118: Supervisor SSO - Cantera Oso 02 | D118: mes | I118: =ROUND(F118*G118*H118,2) -> 0
B119: Supervisor SSO - Cantera Ascope Z1 | D119: mes | I119: =ROUND(F119*G119*H119,2) -> 0
B120: Supervisor SSO - Cantera de cauce de rio | D120: mes | I120: =ROUND(F120*G120*H120,2) -> 0
...
